woodfighter, neutral female human Tourist --------- |.......| ---- ........| .. |....<..| .. -.------- . ## # # ### ## # q #### # #@# # # # # # # -|---.- #### ### |...(>| ------|--- # |.....| |........-- ##.*....| |.........| ------- |.........| |.........| --......... ---------- woodfighter the Sightseer Experience level: 5 Strength: 18/07 Dexterity: 10 Constitution: 13 Intelligence: 11 Wisdom: 6 Charisma: 16 Health: 0(37) Energy: 13(13) Def: 0 Gold: 1074 Moves: 2380 Dungeon seed: z2i-lu01VcD7AO3v Game ID: woodfighter_1529129601 Your Inventory: Coins $ - 1074 gold pieces Amulets K - a cursed amulet of strangulation Weapons a - 34 +2 darts (in quiver) b - 42 +0 darts Y - 5 blessed +1 darts Armor e - an uncursed +0 Hawaiian shirt (being worn) n - an uncursed +0 pair of leather gloves Comestibles c - 2 uncursed tripe rations f - an uncursed food ration i - 2 uncursed eggs q - 2 uncursed eucalyptus leaves I - 2 uncursed magic beans Scrolls l - 4 uncursed scrolls of magic mapping G - an uncursed scroll of identify N - 2 uncursed scrolls of scare monster Spellbooks v - an uncursed spellbook of cancellation Potions j - a blessed potion of extra healing k - an uncursed potion of extra healing r - 2 uncursed potions of water t - 3 uncursed potions of hallucination R - a blessed potion of hallucination Wands o - a wand of secret door detection (0:13) Tools m - an expensive camera (0:94) p - an uncursed leash y - an uncursed credit card Spells and supernatural/magical abilities: Name Level Category Fail Memory W - pray for help -- divine ? -- Your skills at the end: Miscellaneous Skills wands [Basic] Weapon Skills dart [Basic] Spellcasting Skills Final Attributes: You were devoutly aligned. You were very stealthy. You are dead. Vanquished creatures: a Mordor orc a shrieker a floating eye a kitten an iguana a jitterbug a giant bat a monkey 4 orc zombies a dwarf zombie a coyote a gas spore 3 hobbits 2 geckos 2 giant rats 3 cave spiders 2 brown molds 2 red molds a gnome 5 garter snakes 2 manes 2 gnome zombies 7 jackals a kobold 4 newts a goblin 5 grid bugs 2 lichens 2 kobold zombies 61 creatures vanquished. Voluntary challenges: You did not adorn yourself with jewelry or accessories. You did not cause conflict. You were not invisible. You did not have reflection. You were not displaced. You were an atheist. You never hit with a wielded weapon. You did not apply a unicorn horn. You did not use plumbed fixtures. You did not drink any magical draughts. You were illiterate. You never genocided any monsters. You never polymorphed an object. You never changed form. You used no wishes. You never split a pudding. You never wrote Elbereth's name. You never violated your personal moral code. Dungeon overview: The Dungeons of Doom: levels 1 to 7 Level 1 a long staircase Level 2 a general store, some fountains Level 3 Level 4 some fountains stairs to The Gnomish Mines Level 5 many fountains Level 6 <- You were here Level 7 The Gnomish Mines: Level 5 stairs to The Dungeons of Doom History has recorded: On T:1 you entered the Dungeons of Doom to retrieve the Amulet of Yendor! On T:57 you reached level 2 of The Dungeons of Doom. On T:507 you reached level 3 of The Dungeons of Doom. On T:675 you advanced to experience level 2. On T:1113 you reached level 4 of The Dungeons of Doom. On T:1328 you advanced to experience level 3. On T:1415 you reached level 5 of The Dungeons of Doom. On T:1658 you reached level 1 of The Gnomish Mines. On T:1779 you advanced to experience level 4. On T:2144 you reached level 6 of The Dungeons of Doom. On T:2249 you reached level 7 of The Dungeons of Doom. On T:2288 you advanced to experience level 5. Score breakdown: Gold: 482 ( 48 points) Experience: 5 levels ( 400 points) Exploration: 7 levels ( 180 points) Discoveries: 8 items ( 400 points) Variety of kills: 29 monsters ( 1450 points) Major goal: (nothing yet) ( 0 points) Survival: died (score multiplied by 3) Total score: 7434 Latest messages: You see here 8 rocks. You displace kitty2. You stop. Kitty2 is in the way! (2x) You hear some noises. You displace kitty2. You stop exploring. You destroy the orc zombie! You destroy the orc zombie! a - 2 +2 darts (in quiver). You see here an orc corpse. You destroy the orc zombie! a - a +2 dart (in quiver). You destroy the orc zombie! a - a +2 dart (in quiver). N - a scroll called scare monster. You stop exploring. The rothe claws you! The rothe bites! (2x) The dart hits the rothe! The rothe claws you! The rothe bites! (2x) You die... Final status: Aloha woodfighter the Tourist, killed by a rothe... You died in The Dungeons of Doom on dungeon level 6 with 7434 points, and 1074 pieces of gold, after 2380 moves. You were level 5 with a maximum of 37 hit points when you died.